TOP OF THE 1ST |
Hogsmeade Cauldrons batting - Pitching for Belleville Bulls : RHP Esteban Sánchez
|
Pitching: RHP Esteban Sánchez
|
|
Batting: RHB Jesús Cisneros
|
0-0: Foul Ball, location: 2F 0-1: Bunt missed! 0-2: Foul Ball, location: 2F 0-2: Ball 1-2: Fly out, F4 (Line Drive, 4)
|
Batting: RHB Ernesto Souza
|
0-0: Called Strike 0-1: Ball 1-1: Foul Ball, location: 2F 1-2: Foul Ball, location: 2F 1-2: Ball 2-2: Foul Ball, location: 2F 2-2: Strikes out looking
|
Batting: RHB Raúl Reyna
|
0-0: SINGLE (Groundball, 34D) (infield hit)
|
Batting: SHB Fernando Sánchez
|
0-0: Ball 1-0: Ball 2-0: Foul Ball, location: 2F 2-1: Ball 3-1: Ground out 4-3 (Groundball, 4)
|
Top of the 1st over - 0 run(s), 1 hit(s), 0 error(s), 1 left on base; Hogsmeade 0 - Belleville 0 |
BOTTOM OF THE 1ST |
Belleville Bulls batting - Pitching for Hogsmeade Cauldrons : LHP Cristo Rodríguez
|
Pitching: LHP Cristo Rodríguez
|
|
Batting: LHB Manuel Sánchez
|
0-0: Ball 1-0: Ball 2-0: Ball 3-0: Base on Balls
|
Batting: RHB Paddy Hodnett
|
0-0: Called Strike Manuel Sánchez is caught stealing 2nd base 0-1: Swinging Strike 0-2: Strikes out looking
|
Batting: RHB Felipe Gonzáles
|
0-0: Called Strike 0-1: Ball 1-1: Swinging Strike 1-2: Ball 2-2: Ball 3-2: Strikes out swinging
|
Bottom of the 1st over - 0 run(s), 0 hit(s), 0 error(s), 0 left on base; Hogsmeade 0 - Belleville 0 |
TOP OF THE 2ND |
Hogsmeade Cauldrons batting - Pitching for Belleville Bulls : RHP Esteban Sánchez
|
Batting: RHB Santiago Mosca
|
0-0: SINGLE (Line Drive, 8RS)
|
Batting: RHB Gonzalo Ángel
|
0-0: Grounds into double play, 5-4-3 (Groundball, 5)
|
Batting: RHB Héctor Casas
|
0-0: Ball 1-0: Fly out, F7 (Flyball, 7M)
|
Top of the 2nd over - 0 run(s), 1 hit(s), 0 error(s), 0 left on base; Hogsmeade 0 - Belleville 0 |
BOTTOM OF THE 2ND |
Belleville Bulls batting - Pitching for Hogsmeade Cauldrons : LHP Cristo Rodríguez
|
Batting: LHB Adriano Amicis
|
0-0: Ball 1-0: Fly out, F7 (Flyball, 7M)
|
Batting: RHB Henry Mann
|
0-0: Ball 1-0: Called Strike 1-1: Foul Ball, location: 2F 1-2: Strikes out swinging
|
Batting: RHB Lee Charles
|
0-0: Ball 1-0: Ball 2-0: Foul Ball, location: 2F 2-1: Foul Ball, location: 2F 2-2: Foul Ball, location: 2F 2-2: Ball 3-2: SINGLE (Groundball, 56D)
|
Batting: RHB Ángel Rosa
|
0-0: Called Strike 0-1: Ground out 4-3 (Groundball, 34)
|
Bottom of the 2nd over - 0 run(s), 1 hit(s), 0 error(s), 1 left on base; Hogsmeade 0 - Belleville 0 |
TOP OF THE 3RD |
Hogsmeade Cauldrons batting - Pitching for Belleville Bulls : RHP Esteban Sánchez
|
Batting: RHB Reynaldo Pérez
|
0-0: Swinging Strike 0-1: Ball 1-1: Ground out 5-3 (Groundball, 5)
|
Batting: RHB Jim Unknown
|
0-0: Ball 1-0: Called Strike 1-1: Swinging Strike 1-2: Strikes out swinging
|
Batting: RHB Jesús Cisneros
|
0-0: Ground out 3-1 (Groundball, 34)
|
Top of the 3rd over - 0 run(s), 0 hit(s), 0 error(s), 0 left on base; Hogsmeade 0 - Belleville 0 |
BOTTOM OF THE 3RD |
Belleville Bulls batting - Pitching for Hogsmeade Cauldrons : LHP Cristo Rodríguez
|
Batting: RHB Jaime Ramírez
|
0-0: Ball 1-0: Called Strike 1-1: Foul Ball, location: 2F 1-2: Ground out 6-3 (Groundball, 6M)
|
Batting: RHB Howard Fewell
|
0-0: Called Strike 0-1: Foul Ball, location: 2F 0-2: Strikes out swinging
|
Batting: LHB Manuel Sánchez
|
0-0: Ball 1-0: Ball 2-0: Foul Ball, location: 2F 2-1: Foul Ball, location: 2F 2-2: Strikes out looking
|
Bottom of the 3rd over - 0 run(s), 0 hit(s), 0 error(s), 0 left on base; Hogsmeade 0 - Belleville 0 |
TOP OF THE 4TH |
Hogsmeade Cauldrons batting - Pitching for Belleville Bulls : RHP Esteban Sánchez
|
Batting: RHB Ernesto Souza
|
0-0: Called Strike 0-1: Ball 1-1: Ball 2-1: Foul Ball, location: 2F 2-2: SINGLE (Groundball, 25) (infield hit)
|
Batting: RHB Raúl Reyna
|
0-0: Called Strike 0-1: SINGLE (Line Drive, 6M) Ernesto Souza to second
|
Batting: SHB Fernando Sánchez
|
0-0: Grounds into double play, 4-6-3 (Groundball, 4M) Ernesto Souza to third
|
Batting: RHB Santiago Mosca
|
0-0: Called Strike 0-1: Fly out, F9 (Flyball, 9S)
|
Top of the 4th over - 0 run(s), 2 hit(s), 0 error(s), 1 left on base; Hogsmeade 0 - Belleville 0 |
BOTTOM OF THE 4TH |
Belleville Bulls batting - Pitching for Hogsmeade Cauldrons : LHP Cristo Rodríguez
|
Batting: RHB Paddy Hodnett
|
0-0: Ball 1-0: SINGLE (Flyball, 89S)
|
Batting: RHB Felipe Gonzáles
|
0-0: Ball 1-0: Called Strike 1-1: Ball 2-1: Called Strike 2-2: Ball 3-2: SINGLE (Groundball, 34D) Paddy Hodnett to second Runner from 2nd tries for 3rd, SAFE, throw made to third
|
Batting: LHB Adriano Amicis
|
0-0: Swinging Strike 0-1: Foul Ball, location: 2F 0-2: Fly out, F6 (Popup, 6)
|
Batting: RHB Henry Mann
|
0-0: Ball 1-0: Called Strike 1-1: Ball 2-1: SINGLE (Line Drive, 56D) Paddy Hodnett scores Felipe Gonzáles to second
|
Batting: RHB Lee Charles
|
0-0: Ball 1-0: Called Strike 1-1: Foul Ball, location: 2F 1-2: Foul Ball, location: 2F 1-2: Ball 2-2: Ball 3-2: Base on Balls Felipe Gonzáles to third Henry Mann to second
|
Batting: RHB Ángel Rosa
|
0-0: Called Strike 0-1: Ball 1-1: Ball 2-1: Fly out, F9 (Flyball, 9S)
|
Batting: RHB Jaime Ramírez
|
0-0: Ball 1-0: Foul Ball, location: 2F 1-1: Ball 2-1: Foul Ball, location: 2F 2-2: SINGLE (Line Drive, 6M) Felipe Gonzáles scores Henry Mann to third Lee Charles to second
|
Batting: RHB Howard Fewell
|
0-0: Called Strike 0-1: Called Strike 0-2: Ball 1-2: Ball 2-2: Foul Ball, location: 2F 2-2: Ball 3-2: Foul Ball, location: 2F 3-2: Strikes out swinging
|
Bottom of the 4th over - 2 run(s), 4 hit(s), 0 error(s), 3 left on base; Hogsmeade 0 - Belleville 2 |
TOP OF THE 5TH |
Hogsmeade Cauldrons batting - Pitching for Belleville Bulls : RHP Esteban Sánchez
|
Batting: RHB Gonzalo Ángel
|
0-0: Ground out 5-3 (Groundball, 5)
|
Batting: RHB Héctor Casas
|
0-0: Swinging Strike 0-1: Ball 1-1: Called Strike 1-2: Ball 2-2: Strikes out looking
|
Batting: RHB Reynaldo Pérez
|
0-0: Ball 1-0: Ball 2-0: Ball 3-0: Base on Balls
|
Batting: RHB Jim Unknown
|
0-0: Ball 1-0: Ball 2-0: SINGLE (Groundball, 4MD) Reynaldo Pérez to second
|
Batting: RHB Jesús Cisneros
|
0-0: Fly out, F9 (Popup, 4D)
|
Top of the 5th over - 0 run(s), 1 hit(s), 0 error(s), 2 left on base; Hogsmeade 0 - Belleville 2 |
BOTTOM OF THE 5TH |
Belleville Bulls batting - Pitching for Hogsmeade Cauldrons : LHP Cristo Rodríguez
|
Batting: LHB Manuel Sánchez
|
0-0: SINGLE (Groundball, 4MS)
|
Batting: RHB Paddy Hodnett
|
0-0: Ball 1-0: Bunted foul 1-1: Ball 2-1: Bunted foul 2-2: Foul Ball, location: 2F 2-2: Fly out, F9 (Flyball, 9M)
|
Batting: RHB Felipe Gonzáles
|
0-0: Ball 1-0: Ball 2-0: Swinging Strike 2-1: Swinging Strike 2-2: Foul Ball, location: 2F 2-2: Foul Ball, location: 2F 2-2: Ball Manuel Sánchez steals 2nd base 3-2: Fly out, F9 (Line Drive, 89M)
|
Batting: LHB Adriano Amicis
|
0-0: Called Strike 0-1: SINGLE (Line Drive, 78S) Manuel Sánchez to third Runner from 3rd tries for Home, SAFE, no throw or cutoff
|
Batting: RHB Henry Mann
|
0-0: Called Strike 0-1: Ground out U3 (Groundball, 3)
|
Bottom of the 5th over - 1 run(s), 2 hit(s), 0 error(s), 1 left on base; Hogsmeade 0 - Belleville 3 |
TOP OF THE 6TH |
Hogsmeade Cauldrons batting - Pitching for Belleville Bulls : RHP Esteban Sánchez
|
Batting: RHB Ernesto Souza
|
0-0: Foul Ball, location: 2F 0-1: Ground out 6-3 (Groundball, 6)
|
Batting: RHB Raúl Reyna
|
0-0: Ball 1-0: Ball 2-0: Ball 3-0: Base on Balls
|
Batting: SHB Fernando Sánchez
|
0-0: Ball 1-0: DOUBLE (Popup, 7LS) Raúl Reyna to third
|
Batting: RHB Santiago Mosca
|
0-0: Called Strike 0-1: Ball 1-1: Ball 2-1: Ball 3-1: Foul Ball, location: 2F 3-2: Ground out 1-3 (Groundball, 15S)
|
Batting: RHB Gonzalo Ángel
|
0-0: Called Strike 0-1: Ball 1-1: Foul Ball, location: 2F 1-2: Foul Ball, location: 2F 1-2: DOUBLE (Line Drive, 89S) Raúl Reyna scores Fernando Sánchez scores
|
Batting: RHB Héctor Casas
|
0-0: Called Strike 0-1: SINGLE (Groundball, 6MD) Gonzalo Ángel to third Runner from 3rd tries for Home, SAFE, no throw or cutoff
|
Batting: RHB Reynaldo Pérez
|
0-0: Called Strike 0-1: Foul Ball, location: 2F 0-2: Foul Ball, location: 2F 0-2: Foul Ball, location: 2F 0-2: Ball 1-2: Ball 2-2: Ball 3-2: Foul Ball, location: 2F 3-2: SINGLE (Line Drive, 78S) Héctor Casas to second Héctor Casas to third
|
Batting: RHB Jim Unknown
|
0-0: Ball 1-0: Ball 2-0: Ball 3-0: Called Strike 3-1: Called Strike 3-2: Foul Ball, location: 2F 3-2: SINGLE (Line Drive, 89S) Héctor Casas scores Reynaldo Pérez to second Reynaldo Pérez to third
|
Batting: RHB Jesús Cisneros
|
Pickoff Throw to First - Out!
|
Top of the 6th over - 4 run(s), 5 hit(s), 0 error(s), 0 left on base; Hogsmeade 4 - Belleville 3 |
BOTTOM OF THE 6TH |
Belleville Bulls batting - Pitching for Hogsmeade Cauldrons : LHP Cristo Rodríguez
|
Batting: RHB Lee Charles
|
0-0: Ball 1-0: Foul Ball, location: 2F 1-1: Foul Ball, location: 2F 1-2: Strikes out looking
|
Batting: RHB Ángel Rosa
|
0-0: Called Strike 0-1: Fly out, F9 (Flyball, 89XD)
|
Batting: RHB Jaime Ramírez
|
0-0: Called Strike 0-1: Ball 1-1: Foul Ball, location: 2F 1-2: Fly out, F9 (Flyball, 9M)
|
Bottom of the 6th over - 0 run(s), 0 hit(s), 0 error(s), 0 left on base; Hogsmeade 4 - Belleville 3 |
TOP OF THE 7TH |
Hogsmeade Cauldrons batting - Pitching for Belleville Bulls : RHP Esteban Sánchez
|
Batting: RHB Jesús Cisneros
|
0-0: Foul Ball, location: 2F 0-1: Foul Ball, location: 2F 0-2: Strikes out swinging
|
Batting: RHB Ernesto Souza
|
0-0: Ball 1-0: Ball 2-0: Foul Ball, location: 2F 2-1: Foul Ball, location: 2F 2-2: Ball 3-2: SINGLE (Groundball, 6MD) (infield hit)
|
Pinch Hitting: LHB Jim Unknown
|
0-0: Swinging Strike 0-1: Called Strike 0-2: DOUBLE (Line Drive, 8RM) Ernesto Souza to third Runner from 3rd tries for Home, SAFE, no throw or cutoff
|
Batting: SHB Fernando Sánchez
|
0-0: Intentional Walk
|
Pitching: RHP Neal Davis
|
|
Batting: RHB Santiago Mosca
|
0-0: Foul Ball, location: 2F 0-1: Ball 1-1: Ball 2-1: Called Strike 2-2: Ball 3-2: Base on Balls Jim Unknown to third Fernando Sánchez to second
|
Pinch Hitting: SHB Jim Unknown
|
0-0: Called Strike 0-1: Called Strike 0-2: Ball 1-2: Foul Ball, location: 2F 1-2: Ball 2-2: DOUBLE (Line Drive, 7LS) Jim Unknown scores Fernando Sánchez scores Santiago Mosca to third
|
Batting: RHB Héctor Casas
|
0-0: Ball 1-0: Called Strike 1-1: Swinging Strike 1-2: Ball 2-2: Fly out, F9 (Line Drive, 89M) Runner from 3rd tags up, SCORES, no throw
|
Batting: RHB Reynaldo Pérez
|
0-0: Ball 1-0: Called Strike 1-1: Swinging Strike 1-2: Ball 2-2: Strikes out swinging
|
Top of the 7th over - 4 run(s), 3 hit(s), 0 error(s), 1 left on base; Hogsmeade 8 - Belleville 3 |
BOTTOM OF THE 7TH |
Belleville Bulls batting - Pitching for Hogsmeade Cauldrons : LHP Cristo Rodríguez
|
Now at 1B: Jim Unknown
|
|
Now in LF: Jim Unknown
|
|
Batting: RHB Howard Fewell
|
0-0: Ground out 6-3 (Groundball, 6M)
|
Batting: LHB Manuel Sánchez
|
0-0: Ball 1-0: Ball 2-0: Ball 3-0: Called Strike 3-1: Swinging Strike 3-2: Strikes out looking
|
Batting: RHB Paddy Hodnett
|
0-0: Called Strike 0-1: Swinging Strike 0-2: Strikes out swinging
|
Bottom of the 7th over - 0 run(s), 0 hit(s), 0 error(s), 0 left on base; Hogsmeade 8 - Belleville 3 |
TOP OF THE 8TH |
Hogsmeade Cauldrons batting - Pitching for Belleville Bulls : RHP Neal Davis
|
Batting: RHB Jim Unknown
|
0-0: Called Strike 0-1: Foul Ball, location: 2F 0-2: Foul Ball, location: 2F 0-2: Foul Ball, location: 2F 0-2: Ball 1-2: Ball 2-2: Ball 3-2: Fly out, F9 (Flyball, 89S)
|
Batting: RHB Jesús Cisneros
|
0-0: Ball 1-0: Ball 2-0: Ball 3-0: Called Strike 3-1: Called Strike 3-2: Strikes out swinging
|
Batting: RHB Ernesto Souza
|
0-0: Called Strike 0-1: Fly out, F5 (Popup, 15)
|
Top of the 8th over - 0 run(s), 0 hit(s), 0 error(s), 0 left on base; Hogsmeade 8 - Belleville 3 |
BOTTOM OF THE 8TH |
Belleville Bulls batting - Pitching for Hogsmeade Cauldrons : LHP Cristo Rodríguez
|
Pitching: RHP Jim Unknown
|
|
Batting: RHB Felipe Gonzáles
|
0-0: Ball 1-0: Foul Ball, location: 2F 1-1: Called Strike 1-2: Strikes out swinging
|
Batting: LHB Adriano Amicis
|
0-0: Called Strike 0-1: Fly out, F7 (Flyball, 78M)
|
Batting: RHB Henry Mann
|
0-0: Called Strike 0-1: Swinging Strike 0-2: Ball 1-2: Foul Ball, location: 2F 1-2: Strikes out swinging
|
Bottom of the 8th over - 0 run(s), 0 hit(s), 0 error(s), 0 left on base; Hogsmeade 8 - Belleville 3 |
TOP OF THE 9TH |
Hogsmeade Cauldrons batting - Pitching for Belleville Bulls : RHP Neal Davis
|
Pitching: RHP Rubén Villarreal
|
|
Batting: LHB Jim Unknown
|
0-0: Called Strike 0-1: Swinging Strike 0-2: Fly out, F7 (Flyball, 78M)
|
Batting: SHB Fernando Sánchez
|
0-0: SINGLE (Groundball, 34)
|
Batting: RHB Santiago Mosca
|
0-0: Ball 1-0: Called Strike 1-1: Called Strike 1-2: Foul Ball, location: 2F 1-2: Strikes out swinging
|
Batting: SHB Jim Unknown
|
0-0: Called Strike 0-1: Fly out, F7 (Flyball, 78D)
|
Top of the 9th over - 0 run(s), 1 hit(s), 0 error(s), 1 left on base; Hogsmeade 8 - Belleville 3 |
BOTTOM OF THE 9TH |
Belleville Bulls batting - Pitching for Hogsmeade Cauldrons : RHP Jim Unknown
|
Pitching: LHP Jim Unknown
|
|
Batting: RHB Lee Charles
|
0-0: Called Strike 0-1: Ball 1-1: Called Strike 1-2: Foul Ball, location: 2F 1-2: Ground out 6-3 (Groundball, 6)
|
Batting: RHB Ángel Rosa
|
0-0: Swinging Strike 0-1: Called Strike 0-2: Strikes out swinging
|
Batting: RHB Jaime Ramírez
|
0-0: Called Strike 0-1: Ball 1-1: Called Strike 1-2: Fly out, F9 (Flyball, 9LMF)
|
Bottom of the 9th over - 0 run(s), 0 hit(s), 0 error(s), 0 left on base; Hogsmeade 8 - Belleville 3 |
|